 Dungeon Crawl Stone Soup version 0.30-a0-6-g7c9e10e (webtiles) character file.

Game seed: 5594094635308711430

59 AlternateLiz the Covered (level 3, -2/33 HPs)
             Began as a Minotaur Fighter on Aug 22, 2022.
             Succumbed to a goblin's poison
             ... on level 3 of the Dungeon.
             The game lasted 00:07:19 (2006 turns).

AlternateLiz the Covered (Minotaur Fighter)         Turns: 2006, Time: 00:07:20

Health: -2/33      AC:  7    Str: 22    XL:     3   Next: 78%
Magic:  2/2        EV:  9    Int:  5    God:
Gold:   80         SH:  4    Dex:  9    Spells: 2/2 levels left

rFire   . . .      SeeInvis .    a - +0 war axe
rCold   . . .      Faith    .    c - +0 buckler
rNeg    . . .      Spirit   .    b - +0 scale mail
rPois   .          Reflect  .    (helmet restricted)
rElec   .          Harm     .    (no cloak)
rCorr   .          Rampage  .    (no gloves)
Will    .....                    (no boots)
Stlth   ..........               (no amulet)
HPRegen 0.11/turn                (no ring)
MPRegen 0.08/turn                (no ring)

@: lethally poisoned (-2 -> -16)
A: horns 2, retaliatory headbutt
a: no special abilities


You were on level 3 of the Dungeon.
You visited 1 branch of the dungeon, and saw 3 of its levels.

You collected 80 gold pieces.

Inventory:

Hand Weapons
 a - a +0 war axe (weapon)
Armour
 b - a +0 scale mail (worn)
 c - a +0 buckler (worn)
Scrolls
 f - 2 scrolls of identify {unknown}
 g - a scroll of poison {unknown}
 h - a scroll of blinking {unknown}
 i - 3 scrolls of fear {unknown}
 l - a scroll of immolation {unknown}
Potions
 d - a potion of might
 e - a potion of curing {unknown}
 j - a potion of attraction {unknown}
 m - a potion of heal wounds {unknown}


   Skills:
 + Level 4.0 Fighting
 + Level 3.4 Axes
 + Level 4.3 Armour
 + Level 0.1 Stealth
 + Level 4.1 Shields


You had 2 spell levels left.
You didn't know any spells.
Your spell library contained the following spells:

 Spells                   Type           Power      Damage    Failure   Level
 Inner Flame              Hex/Fire       0%         N/A       99%         3
 Cause Fear               Hex            0%         N/A       100%        4
 Discord                  Hex            0%         N/A       100%        8


Dungeon Overview and Level Annotations

Branches:
Dungeon (3/15)

Altars:


Innate Abilities, Weirdness & Mutations

You have a pair of horns on your head.
You reflexively headbutt those who attack you in melee.


Message History

You kill the goblin!
The hobgoblin hits you.
You hit the hobgoblin but do no damage. You hit the goblin.
The goblin hits you but does no damage.
You are poisoned.
The hobgoblin hits you but does no damage.
The goblin hits you but does no damage.
You are more poisoned.
The hobgoblin barely misses you. You furiously retaliate!
You headbutt the hobgoblin.
Press: ? - help, v - describe, . - travel, g - get item
Items here: a +0 club; a goblin corpse.
The floor.
You barely miss the goblin. Your headbutt misses the goblin.
The goblin is severely wounded.
You hit the hobgoblin but do no damage.
You feel extremely sick. You block the goblin's attack.
The hobgoblin barely misses you.
You closely miss the goblin.
The goblin is severely wounded.
You closely miss the hobgoblin.
You feel very sick.
The goblin hits you with a +1 dagger of venom.
You are more poisoned.
The hobgoblin barely misses you.
You completely miss the goblin.
The goblin is severely wounded.
You barely miss the hobgoblin.
You feel very sick. The goblin hits you but does no damage.
The hobgoblin hits you. The goblin hits you but does no damage.
You are more poisoned.
The hobgoblin barely misses you. The goblin attacks as you move away!
The goblin hits you but does no damage.
* * * LOW HITPOINT WARNING * * *
You feel very sick. The goblin attacks as you move away!
You block the goblin's attack.
* * * LOW HITPOINT WARNING * * *
You feel very sick.
You die...

# #. #.####
.....######
.........## .
#..#.#$..#
....#..#.#@..#
#....gg....#
......#)........#
<..#..............
. ##...........##
####.#...####
#.#..)# #<#...#
#.##.##


You could see a hobgoblin and a goblin.

Vanquished Creatures
  2 worms (D:2)
  2 dart slugs (D:1)
  5 endoplasms
  5 giant cockroaches
  4 goblins
  A hobgoblin (D:1)
  3 kobolds (D:1)
  3 quokkas
  6 ball pythons
  3 bats
  5 frilled lizards
  9 rats
48 creatures vanquished.

Vanquished Creatures (others)
  2 fungi (D:2)
2 creatures vanquished.

Grand Total: 50 creatures vanquished

Notes
Turn   | Place    | Note
-------+----------+-------------------------------------------
     0 | D:1      | AlternateLiz the Minotaur Fighter began the quest for the
                  | Orb.
     0 | D:1      | Reached XP level 1. HP: 19/19 MP: 0/0
   103 | D:1      | Reached XP level 2. HP: 24/27 MP: 1/1
   221 | D:1      | You fall into a shaft and drop 1 floor!
   792 | D:1      | Reached XP level 3. HP: 33/33 MP: 2/2
  1410 | D:2      | Found a faded altar of an unknown god.
  2005 | D:3      | HP: 1/33 [poisoned by a goblin]
  2006 | D:3      | Succumbed to a goblin's poison

Illustrated notes

Levels and vault maps discovered:
D:1:      evilmike_arrival_hilbert_curve, layout_basic, serial_bayou_crossing
D:2:      layout_basic, shapermc_ecumenical_altar_ellora
D:3:      cheibrodos_old_hovel, layout_loops_ring,
          gammafunk_temple_overflow_statue, kennysheep_orc_chapel, uniq_robin

Skill      XL: |  1  2  3 |
---------------+----------+-----
Armour         | 4 |  4.3
Shields        | 4 |  4.1
Fighting       | 4 |  4.0
Axes           | 3 |  3.4
Stealth        | |  0.1

Action                   || total
-------------------------++-------
Melee: War axe           ||    87
       Headbutt          ||    12
Throw: Stone             ||    32
Armor: Scale mail        ||    42
Dodge: Dodged            ||    44
Block: Buckler           ||    17

Table legend: (Time is in decaauts)
 A = Elapsed time spent in this place.
 B = Non-inter-level travel time spent in this place.
 C = Inter-level travel time spent in this place.
 D = Time resting spent in this place.
 E = Time spent auto-exploring this place.
 F = Levels seen in this place.
 G = Mean time per level.
                   A        B        C        D        E       F      G
               +--------+--------+--------+--------+--------+-----+--------+
         Total |   2052 |   1982 |     70 |      0 |   1687 |   3 |  684.0 |
       Dungeon |   2052 |   1982 |     70 |      0 |   1687 |   3 |  684.0 |
               +--------+--------+--------+--------+--------+-----+--------+

Top non-repeatable levels by time:
     D:1: 1154 daAuts
     D:2: 884 daAuts
     D:3: 13 daAuts
